 Dungeon Crawl Stone Soup version 0.31-a0-1616-gbeaec30b81 (webtiles) character file.

Game seed: 12565176325870797695

53 Xavori the Trooper (level 4, 31/31 (35) HPs)
             Began as a Djinni Chaos Knight on Jan 11, 2024.
             Was a Plaything of Xom.
             Quit the game on level 1 of the Dungeon.
             The game lasted 00:01:37 (10014 turns).

Xavori the Trooper (Djinni Chaos Knight)           Turns: 10014, Time: 00:01:37

HP:   31/31 (35)    AC:  7    Str: 10 (11) XL:     4   Next: 11%
Gold: 36            EV: 12    Int: 10 (11) God:    Xom [*.....] SH:  0 Dex: 14 (15)

rFire   + + .        a - +0 falchion (chaos)
rCold   x x .        (no shield)
rNeg    . . .        b - +2 leather armour
rPois   ∞            (helmet restricted)
rElec   .            (no cloak)
rCorr   .            (no gloves)
SInv    .            (boots unavailable)
Will    +....        (no amulet)
Stlth   +            (no ring)
HPRegen 0.25/turn    (no ring)
MPRegen 0.00/turn

%: no passive effects
@: flying, heavily drained
A: sickness immunity, fire resistance 2, cold vulnerability 2, float, innate
caster, HP casting, extra vitality 1, horns 1, iridescent scales 1, dopey 1,
strong-willed 1, teleportitis 1, subdued magic 1
a: Renounce Religion


You were on level 1 of the Dungeon.
You worshipped Xom.
You were a special plaything of Xom.
You visited 1 branch of the dungeon, and saw 2 of its levels.

You collected 36 gold pieces.

Inventory:

Hand Weapons
 a - a +0 falchion of chaos (weapon)
Armour
 b - a +2 leather armour (worn)
Scrolls
 c - a scroll of butterflies
 f - a scroll of teleportation {unknown}
 g - a scroll of noise {unknown}
Potions
 d - a potion of curing {unknown}
 e - a potion of might {unknown}
 h - a potion of heal wounds {unknown}


   Skills:
 + Level 3.3 Fighting
 + Level 3.0 Long Blades
 + Level 1.6 Armour
 + Level 2.6 Dodging
 * Level 1.3 Spellcasting
 * Level 1.3 Conjurations
 * Level 1.3 Hexes
   Level 0.0 Charms
 * Level 1.3 Summonings
 * Level 1.3 Necromancy
 * Level 1.3 Translocations
   Level 0.0 Transmutations
 * Level 1.3 Fire Magic
 * Level 1.3 Ice Magic
 * Level 1.3 Air Magic
 * Level 1.3 Earth Magic
 * Level 1.3 Alchemy


You knew the following spells:

 Your Spells              Type           Power      Damage    Failure   Level
a - Summon Small Mammal   Summ           8%         N/A       22%         1
Your spell library was empty.

Dungeon Overview and Level Annotations

Branches:
Dungeon (2/15)

Altars:


Innate Abilities, Weirdness & Mutations

You are immune to sickness and miasma.
You are immune to poison.
Your flesh is very heat resistant. (rF++)
You are very vulnerable to cold. (rC--)
You float through the air rather than walking.
You learn spells naturally, not from books.
Your magical power is your life essence.
You have superior vitality. (+4 MHP)
You have a pair of small horns on your head.
You are partially covered in iridescent scales. (AC +2)
You are dopey. (Int -2)
You are strong-willed. (Will+)
You are occasionally teleported next to monsters.
Your spells are a little easier to cast, but a little less powerful.


Message History

No target in view!
Key pressed, stopping explore.
No target in view!
No target in view!
No target in view!
What level of the Dungeon? (default 1, ? - help)
There is a stone staircase leading up here.
You fly upwards.
There is a stone staircase leading down here.
You start waiting.
Done waiting.
You start waiting.
Done waiting.
You start waiting.
Done waiting.
You start waiting.
Xom's attention almost turns to you for a moment.
Your fizzy white potion briefly vibrates.
You are now a plaything of Xom.
You start waiting.
Xom's attention almost turns to you for a moment.
Your fizzy white potion briefly glows.
You start waiting.
You are now a special plaything of Xom.
You start waiting.
Done waiting.
You start waiting.
Done waiting.
You start waiting.
Done waiting.
You start waiting.
Done waiting.
You start waiting.
Done waiting.
You start waiting.
Done waiting.
Are you sure you want to abandon this character and quit the game? (Confirm with "yes".)
Okay, then.
Unknown command.
Are you sure you want to abandon this character and quit the game? (Confirm with "yes".)

# ### #.. ##########
#.. #........# #..
#........##########..
#........#........#..
#...@....#........#..
####....##........#..
#.##...........#..
#.####...)..†..'..
#.# ##........#.. #.#
#.[......###
#.##############
#....# #.##.#


There were no monsters in sight!

Vanquished Creatures
  An adder (D:2)
  2 dart slugs (D:1)
  4 bats
  2 endoplasms (D:1)
  2 giant cockroaches (D:1)
  2 goblins (D:1)
  6 hobgoblins (D:1)
  4 jackals (D:1)
  4 kobolds (D:1)
  2 quokkas
  2 ball pythons (D:2)
  2 frilled lizards (D:1)
  2 rats (D:1)
35 creatures vanquished.

Vanquished Creatures (collateral kills)
  A frilled lizard (D:1)
1 creature vanquished.

Vanquished Creatures (others)
  A bat zombie (D:1)
1 creature vanquished.

Grand Total: 37 creatures vanquished

Notes
Turn   | Place    | Note
-------+----------+-------------------------------------------
     0 | D:1      | Xavori the Djinni Chaos Knight began the quest for the Orb.
     0 | D:1      | Reached XP level 1. HP: 20/20 MP: 0/0
    22 | D:1      | XOM: smoke on damage
    46 | D:1      | Reached XP level 2. HP: 15/25 MP: 0/0
   174 | D:1      | You are sucked into a shaft and drop 1 floor!
   322 | D:1      | Reached XP level 3. HP: 30/30 MP: 0/0
   322 | D:1      | Learned a level 1 spell: Summon Small Mammal
   360 | D:1      | Reached skill level 1 in Spellcasting
   360 | D:1      | Reached skill level 1 in Conjurations
   360 | D:1      | Reached skill level 1 in Hexes
   360 | D:1      | Reached skill level 1 in Summonings
   360 | D:1      | Reached skill level 1 in Necromancy
   360 | D:1      | Reached skill level 1 in Translocations
   360 | D:1      | Reached skill level 1 in Fire Magic
   360 | D:1      | Reached skill level 1 in Ice Magic
   360 | D:1      | Reached skill level 1 in Air Magic
   360 | D:1      | Reached skill level 1 in Earth Magic
   360 | D:1      | Reached skill level 1 in Alchemy
   412 | D:1      | Found a faded altar of an unknown god.
   720 | D:1      | XOM: divination: magic mapping
  1060 | D:1      | XOM: silly message
  1276 | D:1      | XOM: noise
  1469 | D:1      | XOM: torment (16/30 hp)
  1541 | D:1      | XOM: summons 1 hostile demon
  1607 | D:1      | XOM: summons 3 hostile shadow creatures
  1687 | D:2      | XOM: summons 2 hostile shadow creatures
  2567 | D:1      | XOM: give mutations
  2567 | D:1      | Gained mutation: Your spells are a little easier to cast,
                  | but a little less powerful. [Xom's mischief]
  2567 | D:1      | Gained mutation: You have a pair of small horns on your
                  | head. [Xom's mischief]
  2567 | D:1      | Gained mutation: You are strong-willed. (Will+) [Xom's
                  | mischief]
  3497 | D:1      | XOM: stat loss: -1 Dex (13/14)
  3834 | D:1      | XOM: silly message
  3906 | D:1      | XOM: summons 1 hostile demon
  4401 | D:1      | XOM: summons 2 hostile shadow creatures
  4701 | D:2      | XOM: give mutations
  4701 | D:2      | Gained mutation: You passively map a small area around you.
                  | [Xom's grace]
  4906 | D:1      | XOM: god gift: 5 stones
  5047 | D:1      | XOM is BORED!
  5047 | D:1      | XOM: give mutations
  5047 | D:1      | Lost mutation: You are strong-willed. (Will+) [Xom's
                  | mischief]
  5047 | D:1      | Gained mutation: You are very vulnerable to cold. (rC--)
                  | [Xom's mischief]
  5478 | D:1      | XOM: scenery: summon butterflies
  5591 | D:1      | XOM: give mutations
  5591 | D:1      | Lost mutation: You passively map a small area around you.
                  | [Xom's mischief]
  5591 | D:1      | Gained mutation: You are dopey. (Int -2) [Xom's mischief]
  5591 | D:1      | Gained mutation: You are strong-willed. (Will+) [Xom's
                  | mischief]
  5591 | D:1      | Gained mutation: Armour fits poorly on your strangely
                  | shaped body. [Xom's mischief]
  6990 | D:1      | XOM: give mutations
  6990 | D:1      | Gained mutation: You are occasionally teleported next to
                  | monsters. [Xom's mischief]
  6990 | D:1      | Lost mutation: Armour fits poorly on your strangely shaped
                  | body. [Xom's mischief]
  7490 | D:1      | XOM: summons 2 hostile demons
  7610 | D:2      | XOM is BORED!
  7766 | D:1      | XOM: stat loss: -1 Int (10/11)
  8057 | D:1      | XOM: give mutation
  8057 | D:1      | Gained mutation: You are partially covered in iridescent
                  | scales. (AC +2) [Xom's grace]
  8139 | D:1      | XOM: draining
  8385 | D:1      | XOM: stat loss: -1 Str (10/11)
  8622 | D:1      | XOM: summons 2 hostile demons
  8623 | D:1      | Noticed a hellwing
  8933 | D:2      | Reached XP level 4. HP: 30/31 MP: 0/0
  9347 | D:1      | XOM: silly message
  9392 | D:1      | XOM: silly message
 10014 | D:1      | Quit the game

Illustrated notes

Levels and vault maps discovered:
D:1:      dpeg_arrival_line_fractal, layout_basic,
          hellmonk_ecumenical_altar_heavens_door
D:2:      layout_basic

Skill      XL: |  1  2  3 |
---------------+----------+-----
Spellcasting   | 1 |  1.3
Conjurations   | 1 |  1.3
Hexes          | 1 |  1.3
Summonings     | 1 |  1.3
Necromancy     | 1 |  1.3
Translocations | 1 |  1.3
Fire Magic     | 1 |  1.3
Ice Magic      | 1 |  1.3
Air Magic      | 1 |  1.3
Earth Magic    | 1 |  1.3
Alchemy        | 1 |  1.3
Long Blades    | 3 |  3.0
Fighting       | |  3.3
Armour         | |  1.6
Dodging        | |  2.6

Action                     |  1- 3 |  4- 6 || total
---------------------------+-------+-------++-------
  Melee: Falchion          |    97 |       ||    97
         Punch             |     1 |       ||     1
         Headbutt          |     1 |       ||     1
 Armour: Leather armour    |    84 |       ||    84
  Dodge: Dodged            |    98 |       ||    98

Table legend: (Time is in decaauts)
 A = Elapsed time spent in this place.
 B = Non-inter-level travel time spent in this place.
 C = Inter-level travel time spent in this place.
 D = Time resting spent in this place.
 E = Time spent auto-exploring this place.
 F = Levels seen in this place.
 G = Mean time per level.
                   A        B        C        D        E       F      G
               +--------+--------+--------+--------+--------+-----+--------+
         Total |  10036 |  10006 |     30 |   9198 |    559 |   2 | 5018.0 |
       Dungeon |  10036 |  10006 |     30 |   9198 |    559 |   2 | 5018.0 |
               +--------+--------+--------+--------+--------+-----+--------+

Top non-repeatable levels by time:
     D:1: 8892 daAuts
     D:2: 1143 daAuts
